 Dungeon Crawl Stone Soup version 0.29-a0-275-g389c0b56f3 (webtiles) character file.

Game seed: 12196856123457219750

2 sammy202020 the Skirmisher (level 1, -3/27 HPs)
             Began as a Demonspawn Berserker on Mar 10, 2022.
             Was a Follower of Trog.
             Slain by a kobold
             ... wielding a +0 short sword
              (4 damage)
             ... on level 1 of the Dungeon.
             The game lasted 00:00:23 (121 turns).

sammy202020 the Skirmisher (Demonspawn Berserker)    Turns: 121, Time: 00:00:23

Health: -3/27      AC:  5    Str: 17    XL:     1   Next: 25%
Magic:  1/1        EV: 11    Int:  8    God:    Trog [*.....]
Gold:   8          SH:  0    Dex: 12    Spells: 0/0 levels left

rFire   . . .      SeeInvis .   a - +0 mace
rCold   . . .      Faith    .   (no shield)
rNeg    . . .      Spirit   .   c - +0 ring mail
rPois   .          Reflect  .   (no helmet)
rElec   .          Harm     .   (no cloak)
rCorr   .          Rampage  .   (no gloves)
Will    .....                   (no boots)
Stlth   ..........              (no amulet)
HPRegen 0.09/turn               (no ring)
MPRegen 0.07/turn               (no ring)

@: berserking, very quick
A: no striking features
a: Renounce Religion, Berserk


You were on level 1 of the Dungeon.
You worshipped Trog.
Trog was aware of your devotion.
You visited 1 branch of the dungeon, and saw 1 of its levels.

You collected 8 gold pieces.

Inventory:

Hand Weapons
 a - a +0 mace (weapon)
Armour
 c - a +0 ring mail (worn)
Scrolls
 d - a scroll of brand weapon {unknown}
Potions
 b - a potion of mutation {unknown}
 e - a potion of curing {unknown}


   Skills:
 * Level 3.0 Fighting
 * Level 2.7 Maces & Flails
 * Level 1.8 Armour
 + Level 1.7 Dodging


You couldn't memorise any spells.
You didn't know any spells.
Your spell library was empty.

Dungeon Overview and Level Annotations

Branches:
Dungeon (1/15)

Altars:


Message History

The ball python hisses angrily.
The kobold closely misses you.
You closely miss the kobold. The kobold closely misses you.
You closely miss the kobold. The kobold barely misses you.
A goblin comes into view. It is wielding a +0 dagger.
The kobold hits you with a +0 short sword.
The goblin moves out of view.
You hit the kobold but do no damage. The kobold hits you but does no damage.
You closely miss the kobold. The kobold closely misses you.
You hit the kobold but do no damage. The kobold barely misses you.
The ball python bites you. The ball python closely misses you.
The kobold closely misses you.
You hit the kobold but do no damage. The ball python barely misses you. x2
The kobold hits you with a +0 short sword.
The ball python misses you. The ball python grabs you.
The ball python constricts you.
You barely miss the ball python. The ball python barely misses you.
The ball python constricts you.
The kobold hits you with a +0 short sword.
You hit the ball python but do no damage.
The ball python closely misses you. The ball python constricts you.
The kobold hits you with a +0 short sword.
The ball python barely misses you. The ball python constricts you.
You sock the ball python!
You kill the ball python!
Trog accepts your kill.
The kobold hits you with a +0 short sword.
* * * LOW HITPOINT WARNING * * *
The kobold misses you.
A red film seems to cover your vision as you go berserk!
You feel yourself moving faster!
You feel mighty! The kobold hits you but does no damage.
You closely miss the kobold.
The kobold hits you with a +0 short sword.
* * * LOW HITPOINT WARNING * * *
You barely miss the kobold. You closely miss the kobold.
The kobold hits you but does no damage.
You closely miss the kobold.
The kobold hits you with a +0 short sword.
You die...

.......................
##.##.#.####.........
#.##.#.####.##.##.##.#
......................
##.##.#.###............
#.##.#.# #..##.##.#...
# #.##.# # #..##.# .#
..# #.##.#
###..##.##.#....#
#.......@Kg......
.......†##.#....#
......... ... ...
#.##.#######... # . ...
...>. ... .#.# #.## # #
..


You could see a goblin and a kobold.

Vanquished Creatures
  A hobgoblin (D:1)
  A ball python (D:1)
2 creatures vanquished.

Notes
Turn   | Place    | Note
-------+----------+-------------------------------------------
     0 | D:1      | sammy202020 the Demonspawn Berserker began the quest for
                  | the Orb.
     0 | D:1      | Reached XP level 1. HP: 18/18 MP: 1/1
   118 | D:1      | HP: 1/27 [kobold/+0 short sword (2)]
   121 | D:1      | Slain by a kobold

Illustrated notes

Levels and vault maps discovered:
D:1:      lightli_iron_boxes, layout_basic

Action                   || total
-------------------------++-------
Melee: Mace              ||    15
Invok: Berserk           ||     1
Armor: Ring mail         ||     4
Dodge: Dodged            ||    14

Table legend: (Time is in decaauts)
 A = Elapsed time spent in this place.
 B = Non-inter-level travel time spent in this place.
 C = Inter-level travel time spent in this place.
 D = Time resting spent in this place.
 E = Time spent auto-exploring this place.
 F = Levels seen in this place.
 G = Mean time per level.
                   A        B        C        D        E       F      G
               +--------+--------+--------+--------+--------+-----+--------+
         Total |    123 |    123 |      0 |      0 |     76 |   1 |  123.0 |
       Dungeon |    123 |    123 |      0 |      0 |     76 |   1 |  123.0 |
               +--------+--------+--------+--------+--------+-----+--------+

Top non-repeatable levels by time:
     D:1: 123 daAuts
